 Dungeon Crawl Stone Soup version 0.27.1-3-gb3d3a73c9e (webtiles) character file.

Game seed: 644461642914206854

1622 AZSletch the Skirmisher (level 8, -2/62 HPs)
             Began as a Demonspawn Gladiator on Oct 7, 2021.
             Slain by an orc warrior (8 damage)
             ... on level 6 of the Dungeon on Oct 8, 2021.
             The game lasted 00:27:38 (6617 turns).

AZSletch the Skirmisher (Demonspawn Gladiator)      Turns: 6617, Time: 00:27:38

Health: -2/62      AC: 10    Str: 17    XL:     8   Next: 65%
Magic:  0/13       EV: 13    Int: 11    God:
Gold:   412        SH:  0    Dex: 15    Spells: 13/14 levels left

rFire    . . .     SeeInvis .   z - +2 whip (freeze)
rCold    . . .     Faith    .   (no shield)
rNeg     . . .     Spirit   +   C - +0 leather armour "Plog" {Str+2}
rPois    .         Reflect  .   c - +0 helmet
rElec    .         Harm     .   (no cloak)
rCorr    .         Rampage  .   (no gloves)
Will     +....                  (no boots)
Stlth    +.........             (no amulet)
HPRegen  0.20/turn              i - ring of willpower
MPRegen  0.26/turn              (no ring)

@: sanguine armoured
A: hooves 1, magic shield, magic regeneration, magic link, sanguine armour 1
a: no special abilities


You were on level 6 of the Dungeon.
You visited 1 branch of the dungeon, and saw 6 of its levels.

You collected 412 gold pieces.

Inventory:

Hand Weapons
 a - a +0 trident
 x - a +0 hunting sling
 z - a +2 whip of freezing (weapon)
Missiles
 d - a throwing net
 e - 416 stones
 o - a boomerang
 q - 30 sling bullets
 s - 5 curare-tipped darts (quivered)
Armour
 c - a +0 helmet (worn)
 w - a +0 kite shield
 C - the +0 leather armour "Plog" (worn) {Str+2}
   (You took it off a goblin on level 5 of the Dungeon)

   Str:       It affects your strength (+2).
Magical Staves
 k - a staff of air
Jewellery
 i - a ring of willpower (left hand)
Wands
 y - a wand of mindburst (10)
Scrolls
 b - a scroll of blinking {unknown}
 f - 4 scrolls of identify {unknown}
 g - 6 scrolls of enchant weapon {unknown}
 l - 3 scrolls of noise {unknown}
 p - 2 scrolls of magic mapping {unknown}
 r - a scroll of immolation {unknown}
 t - a scroll of vulnerability {unknown}
 u - a scroll of amnesia {unknown}
 v - a scroll of fog {unknown}
 B - a scroll of teleportation {unknown}
Potions
 h - a potion of degeneration {unknown}
 j - a potion of attraction {unknown}
 m - 4 potions of heal wounds {unknown}
 n - 3 potions of flight {unknown}
 A - a potion of curing {unknown}


   Skills:
 + Level 5.0 Fighting
 - Level 2.6 Polearms
 + Level 3.9 Throwing
 + Level 3.9 Armour
 + Level 4.9 Dodging
 + Level 3.6 Spellcasting
 * Level 4.1 Ice Magic


You had 13 spell levels left.
You knew the following spells:

 Your Spells              Type           Power      Damage    Failure   Level
a - Freeze                Ice            44%        1d6       5%          1

Your spell library contained the following spells:

 Spells                   Type           Power      Damage    Failure   Level
 Frozen Ramparts          Ice            22%        1d4       16%         3
 Foxfire                  Conj/Fire      8%         2x1d4     28%         1
 Call Canine Familiar     Summ           2%         N/A       65%         3
 Conjure Flame            Conj/Fire      2%         6-21      65%         3
 Inner Flame              Hex/Fire       2%         N/A       65%         3
 Portal Projectile        Hex/Tloc       4%         N/A       65%         3
 Hailstorm                Conj/Ice       6%         3d4       77%         4
 Cause Fear               Hex            1%         N/A       96%         4
 Leda's Liquefaction      Hex/Erth       1%         N/A       96%         4
 Discord                  Hex            1%         N/A       100%        8


Dungeon Overview and Level Annotations

Branches:
Dungeon (6/15)
 Temple: D:4-7

Altars:
Dithmenos
Fedhas
Makhleb
Uskayaw


Innate Abilities, Weirdness & Mutations

You have large cloven feet.
When hurt, damage is shared between your health and your magic reserves.
You regenerate magic rapidly.
When low on magic, you restore magic in place of health.
When seriously injured, your bleeding wounds create armour. (AC +6)


Message History

You kick the orc warrior, but do no damage.
The orc warrior is moderately wounded.
The orc warrior hits you but does no damage.
You barely miss the orc warrior.
You kick the orc warrior, but do no damage.
The orc warrior is moderately wounded.
The orc warrior hits you with a +0 flail. x2
You closely miss the orc warrior.
You kick the orc warrior, but do no damage.
The orc warrior is moderately wounded.
The orc warrior hits you with a +0 flail!
You hit the orc warrior but do no damage.
Your kick misses the orc warrior.
The orc warrior is moderately wounded.
The orc warrior hits you with a +0 flail!
* * * LOW HITPOINT WARNING * * *
You completely miss the orc warrior. Your kick misses the orc warrior.
The orc warrior is moderately wounded.
The orc warrior hits you but does no damage.
You hit the orc warrior. You freeze the orc warrior.
The orc warrior is heavily wounded.
The orc warrior barely misses you.
You whack the orc warrior! You freeze the orc warrior.
Your kick misses the orc warrior.
The orc warrior is almost dead.
The orc warrior hits you with a +0 flail!
* * * LOW HITPOINT WARNING * * *
You hit the orc warrior but do no damage.
You kick the orc warrior, but do no damage.
The orc warrior is almost dead.
The orc warrior hits you with a +0 flail.
You closely miss the orc warrior.
The orc warrior is almost dead.
The orc warrior hits you with a +0 flail!
* * * LOW HITPOINT WARNING * * *
You hit the orc warrior but do no damage.
You kick the orc warrior.
The orc warrior is almost dead.
The orc warrior hits you with a +0 flail!
You die...

$$$#....# ... #...
####....#.... #..#
........#... #..#
........^..$ ^..#
........#... #..#
........#... #..#
...>....# .. #..#
######..#########)#
#..........@o#
#..........###
############


You could see an orc warrior.

Vanquished Creatures
  Pikel (D:4)
  Edmund (D:6)
  A sky beast (D:6)
  2 necrophages
  An ogre (D:4)
  2 lemures
  Blork the orc (D:4)
  A scorpion (D:5)
  A water moccasin skeleton (D:5)
  A howler monkey (D:4)
  2 bullfrog zombies
  2 hounds (D:4)
  3 iguanas
  A howler monkey zombie (D:5)
  5 gnolls (D:5)
  5 adders
  2 white imps
  An adder skeleton (D:4)
  A worm (D:4)
  2 dart slugs
  5 orcs
  15 ball pythons
  A bat (D:1)
  5 endoplasms
  6 giant cockroaches
  42 goblins
  26 hobgoblins
  14 kobolds
  6 quokkas
  4 frilled lizards
  4 rats
164 creatures vanquished.

Notes
Turn   | Place    | Note
-------+----------+-------------------------------------------
     0 | D:1      | AZSletch the Demonspawn Gladiator began the quest for the
                  | Orb.
     0 | D:1      | Reached XP level 1. HP: 16/16 MP: 1/1
   121 | D:1      | Gained mutation: You regenerate magic rapidly. [demonic
                  | ancestry]
   121 | D:1      | Reached XP level 2. HP: 18/22 MP: 2/2
   451 | D:1      | Reached skill level 1 in Armour
   604 | D:1      | Gained mutation: When hurt, damage is shared between your
                  | health and your magic reserves. [demonic ancestry]
   604 | D:1      | Reached XP level 3. HP: 15/28 MP: 3/3
  1534 | D:2      | Reached XP level 4. HP: 34/34 MP: 3/5
  2458 | D:3      | Reached skill level 3 in Fighting
  2458 | D:3      | Reached skill level 1 in Spellcasting
  2728 | D:4      | Noticed a necrophage
  2741 | D:4      | Killed a necrophage
  2742 | D:4      | Gained mutation: You have large cloven feet. [demonic
                  | ancestry]
  2742 | D:4      | Reached XP level 5. HP: 30/41 MP: 4/7
  3080 | D:4      | Noticed an ogre
  3160 | D:4      | Found a burning altar of Makhleb.
  3165 | D:4      | Gained mutation: When low on magic, you restore magic in
                  | place of health. [demonic ancestry]
  3165 | D:4      | Reached XP level 6. HP: 46/47 MP: 8/8
  3243 | D:4      | Learned a level 1 spell: Freeze
  3453 | D:4      | Noticed Blork the orc
  3465 | D:4      | Killed Blork the orc
  3731 | D:4      | Reached skill level 1 in Ice Magic
  3755 | D:5      | Entered Level 5 of the Dungeon
  3920 | D:5      | Found a blossoming altar of Fedhas.
  3929 | D:5      | Reached XP level 7. HP: 42/53 MP: 8/10
  3950 | D:5      | Noticed Pikel
  4110 | D:5      | Reached skill level 4 in Fighting
  4124 | D:5      | Found a shadowy altar of Dithmenos.
  5029 | D:4      | HP: 2/54 [Pikel (3)]
  5104 | D:4      | Killed Pikel
  5105 | D:4      | Gained mutation: When seriously injured, your bleeding
                  | wounds create armour. (AC +6) [demonic ancestry]
  5105 | D:4      | Reached XP level 8. HP: 13/61 MP: 10/12
  5406 | D:5      | Found a hide-covered altar of Uskayaw.
  5498 | D:5      | Identified the +0 leather armour "Plog" {Str+2}
  6508 | D:6      | Noticed Edmund
  6532 | D:6      | Killed Edmund
  6562 | D:6      | Reached skill level 5 in Fighting
  6617 | D:6      | Slain by an orc warrior

Illustrated notes

Levels and vault maps discovered:
D:1:      wander_arrival_fairy_ring, layout_rooms, corner_web_ring,
          minmay_hexomino_u4
D:2:      layout_basic, grunt_decor_clamped
D:3:      layout_rooms, nrook_mini_vaults, chequers_serial_rivers_small_3,
          minmay_misc_feat_more_columns, minivault_11
D:4:      layout_cave_pools, makhleb_blood_cavern_becter, serial_glass,
          glass_columns_a, glass_columns_a, uniq_blork_the_orc
D:5:      minmay_goblin_kobold_castle, layout_cave_pools, kennysheep_little_box,
          overflow_temple_1_default, mainiacjoe_overflow_24_doors, uniq_pikel
D:6:      layout_rooms, lemuel_tele_altar, ebering_ghost_reflecting_pool,
          due_unseen_surprise, uniq_edmund

Skill      XL: |  1  2  3  4  5  6  7  8 |
---------------+-------------------------+-----
Dodging        | 3 4 |  4.9
Armour         | 1 2 3 |  3.9
Fighting       | 3 4 5 |  5.0
Spellcasting   | 1 2 3 |  3.6
Throwing       | 2 3 |  3.9
Ice Magic      | 1 3 4 |  4.1
Polearms       | |  2.6

Action                   |  1- 3 |  4- 6 |  7- 9 || total
-------------------------+-------+-------+-------++-------
Melee: Trident           |   108 |    82 |   132 ||   322
       Kick              |       |    19 |    62 ||    81
       Whip              |       |       |   151 ||   151
Throw: Stone             |    30 |     6 |       ||    36
       Throwing net      |     2 |       |       ||     2
       Boomerang         |       |    63 |    30 ||    93
       Dart              |       |       |     8 ||     8
 Cast: Freeze            |       |     1 |     4 ||     5
 Stab: Sleeping          |     1 |       |     1 ||     2
Armor: Leather armour    |    28 |     7 |    75 ||   110
Dodge: Dodged            |    57 |    50 |   218 ||   325
